 Dungeon Crawl Stone Soup version 0.31-a0-963-ga325b2283a (webtiles) character file.

Game seed: 4259645471223698122

182 Bnni the Chopper (level 5, -4/48 HPs)
             Began as a Hill Orc Monk on Oct 24, 2023.
             Slain by a gnoll
             ... wielding a +0 halberd
              (6 damage)
             ... on level 4 of the Dungeon.
             The game lasted 00:03:42 (2517 turns).

Bnni the Chopper (Hill Orc Monk)                    Turns: 2517, Time: 00:03:43

Health: -4/48      AC: 10    Str: 13 (16) XL:     5   Next: 61%
Magic:  5/5        EV:  6    Int:  8 (10) God:
Gold:   210        SH:  0    Dex: 11 (13) Spells: 4/4 levels left

rFire   + + .        a - +0 hand axe
rCold   . . .        d - orb {light}
rNeg    . . .        c - +0 chain mail
rPois   .            (no helmet)
rElec   .            (no cloak)
rCorr   .            i - +0 pair of gloves
SInv    .            h - +0 pair of boots
Will    .....        b - amulet of faith Stlth
                     n - ring of protection from fire
HPRegen 0.28/turn    p - ring of protection from fire
MPRegen 0.09/turn

%: faith
@: glowing
A: no striking features
a: no special abilities


You were on level 4 of the Dungeon.
You visited 1 branch of the dungeon, and saw 4 of its levels.

You collected 210 gold pieces.

Inventory:

Hand Weapons
 a - a +0 hand axe (weapon)
Missiles
 s - 3 poisoned darts
Armour
 c - a +0 chain mail (worn)
 d - an orb of light (worn)
 h - a +0 pair of boots (worn)
 i - a +0 pair of gloves (worn)
Jewellery
 b - an amulet of faith (around neck)
 n - a ring of protection from fire (left hand)
 p - a ring of protection from fire (right hand)
Scrolls
 e - 3 scrolls of identify {unknown}
 g - a scroll of enchant weapon {unknown}
 k - a scroll of brand weapon {unknown}
 m - a scroll of poison {unknown}
 o - a scroll of fear {unknown}
 q - a scroll of immolation {unknown}
Potions
 j - a potion of haste {unknown}
 r - a potion of brilliance {unknown}
 t - a potion of curing {unknown}


   Skills:
 + Level 5.1 Fighting
 * Level 7.0 Axes
 - Level 2.4 Dodging


You had 4 spell levels left.
You didn't know any spells.
Your spell library contained the following spells:

 Spells                   Type           Power      Damage    Failure   Level
 Blink                    Tloc           0%         N/A       100%        2
 Lesser Beckoning         Tloc           0%         N/A       100%        2
 Momentum Strike          Conj/Tloc      0%         3d8       100%        2
 Ozocubu's Armour         Ice            0%         N/A       100%        3
 Ozocubu's Refrigeration  Ice            0%         4d7       100%        7


Dungeon Overview and Level Annotations

Branches:
Dungeon (4/15)
 Temple: D:4-7

Altars:
Hepliaklqana
Trog

Annotations:
D:3 3 runed translucent doors, hypergardens's ghost, amateur HOHu


Message History

The gnoll hits you from afar with a +0 halberd.
You hit the iguana.
The iguana is lightly wounded.
The iguana bites you! The gnoll closely misses you.
You are too injured to fight recklessly!
You hit the iguana but do no damage.
The iguana is lightly wounded.
The iguana bites you. The gnoll closely misses you.
It was a potion of degeneration.
There was something very wrong with that liquid.
You feel weakened.
You feel dopey.
You feel clumsy. The iguana bites you.
The gnoll hits you from afar with a +0 halberd.
* * * LOW HITPOINT WARNING * * *
Unknown command.
You hit the iguana but do no damage.
The iguana is lightly wounded.
The iguana bites you but does no damage.
The gnoll hits you from afar with a +0 halberd.
* * * LOW HITPOINT WARNING * * *
It was a potion of heal wounds.
You feel much better. The iguana bites you. The gnoll closely misses you.
Unknown command.
You hit the iguana.
The iguana is moderately wounded.
The iguana bites you!
You barely miss the iguana.
The iguana is moderately wounded.
The gnoll barely misses you. The iguana bites you.
You hit the iguana but do no damage.
The iguana is moderately wounded.
The gnoll hits you from afar with a +0 halberd!
* * * LOW HITPOINT WARNING * * *
The iguana bites you!
* * * LOW HITPOINT WARNING * * *
Okay, then.
You hit the iguana.
The iguana is moderately wounded.
The gnoll hits you from afar with a +0 halberd.
You die...

# #. #..
###...#####
<....ggl@.#
.########(#
#......#.#
#.####.#.#
#.####.#.#
#.##...#.#
#.##.#.#.#
#.##(###.#
########.....(..#


You could see an iguana and 2 gnolls.

Vanquished Creatures
  A hound (D:4)
  3 adders
  4 gnolls
  A worm (D:2)
  4 dart slugs
  An orc (D:3)
  3 endoplasms
  A giant cockroach (D:2)
  10 goblins
  12 hobgoblins
  7 kobolds
  A quokka (D:2)
  7 ball pythons
  6 bats
  4 frilled lizards
  5 rats
70 creatures vanquished.

Notes
Turn   | Place    | Note
-------+----------+-------------------------------------------
     0 | D:1      | Bnni the Hill Orc Monk began the quest for the Orb.
     0 | D:1      | Reached XP level 1. HP: 19/19 MP: 1/1
   165 | D:1      | Reached XP level 2. HP: 19/27 MP: 2/2
   363 | D:1      | Reached skill level 5 in Axes
   363 | D:1      | Reached XP level 3. HP: 33/33 MP: 3/3
  1419 | D:3      | Reached XP level 4. HP: 41/41 MP: 4/4
  1428 | D:3      | Found a runed translucent gate.
  1428 | D:3      | Found a runed translucent gate.
  1428 | D:3      | Found a runed translucent gate.
  1724 | D:3      | Reached skill level 6 in Axes
  1727 | D:3      | Noticed hypergardens's ghost (amateur HOHu)
  1765 | D:3      | Reached XP level 5. HP: 39/47 MP: 5/5
  1799 | D:3      | Found a hazy altar of Hepliaklqana.
  2206 | D:3      | Found a bloodstained altar of Trog.
  2453 | D:4      | Reached skill level 5 in Fighting
  2505 | D:4      | Reached skill level 7 in Axes
  2516 | D:4      | HP: 2/48 [iguana (8)]
  2517 | D:4      | Slain by a gnoll

Illustrated notes

Levels and vault maps discovered:
D:1:      sevenhm_arrival_forest_fort_small_3, layout_rooms, minmay_hedge_maze,
          amcnicky_mini_pool_small, minmay_shallow_snake_nest
D:2:      layout_basic
D:3:      layout_basic, trog_hazing_becter,
          mainiacjoe_overflow_concentric_impassable, gammafunk_ghost_icy
D:4:      layout_basic, uniq_edmund

Skill      XL: |  1  2  3  4  5 |
---------------+----------------+-----
Fighting       | 4 5 |  5.1
Axes           | 5 6 7 |  7.0
Dodging        | |  2.4

Action                     |  1- 3 |  4- 6 || total
---------------------------+-------+-------++-------
  Melee: Hand axe          |    98 |   133 ||   231
    Use: Potion            |       |     3 ||     3
 Armour: Robe              |    17 |       ||    17
         Scale mail        |    29 |    51 ||    80
         Chain mail        |       |    69 ||    69
  Dodge: Dodged            |    60 |    56 ||   116

Table legend: (Time is in decaauts)
 A = Elapsed time spent in this place.
 B = Non-inter-level travel time spent in this place.
 C = Inter-level travel time spent in this place.
 D = Time resting spent in this place.
 E = Time spent auto-exploring this place.
 F = Levels seen in this place.
 G = Mean time per level.
                   A        B        C        D        E       F      G
               +--------+--------+--------+--------+--------+-----+--------+
         Total |   2518 |   2413 |    105 |     28 |   1851 |   4 |  629.5 |
       Dungeon |   2518 |   2413 |    105 |     28 |   1851 |   4 |  629.5 |
               +--------+--------+--------+--------+--------+-----+--------+

Top non-repeatable levels by time:
     D:3: 1040 daAuts
     D:1: 723 daAuts
     D:2: 673 daAuts
     D:4: 80 daAuts
